 Dungeon Crawl Stone Soup version 0.29.1-12-g30fa7ad0bf (webtiles) character file.

Game seed: 6153434095653131430

255822 Coaxmetal the Earth Mage (level 19, -5/130 HPs)
             Began as a Gargoyle Earth Elementalist on Dec 18, 2022.
             Was an Elder of Ashenzari.
             Killed by divine providence
             ... invoked by Saint Roka
              (14 damage)
             ... on level 2 of the Vaults on Dec 19, 2022.
             The game lasted 02:58:52 (60844 turns).

Coaxmetal the Earth Mage (GrEE)                    Turns: 60844, Time: 02:58:54

Health: -5/130     AC: 39    Str: 12    XL:     19   Next: 79%
Magic:  2/44       EV: 12    Int: 26    God:    Ashenzari [****..]
Gold:   2960       SH: 12    Dex: 12    Spells: 12/61 levels left

rFire   + + +      SeeInvis +   I - +8 short sword of the Omniscient Stars {vorpal, Will+, Elem, Comp} (curse)
rCold   . . .      Faith    .   s - +2 buckler "Eternal With Me" {AC+3, Self, Melee} (curse)
rNeg    + + .      Spirit   .   f - +3 scale mail of the Slightly Bent {rElec rF+++ Will+ Str-5}
rPois   ∞          Reflect  +   d - +2 hat of Ashenzari's Disgust {Comp, Self} (curse)
rElec   +          Harm     .   U - +0 cloak of the Elysian Scepticism {Elem, Fort} (curse)
rCorr   .          Rampage  .   M - +2 pair of gloves of Ashenzari's Shame {Bglg, Self} (curse)
Will    +++..      Clarity  +   h - +1 pair of boots of the Perceptive Elitism {+Blink rPois rN+ Int+3, Self, Cun} (curse)
Stlth   ++........              x - amulet of reflection
HPRegen 0.31/turn               C - ring "Share My Vision" {Wiz, Alch, Self} (curse)
MPRegen 0.29/turn               Z - +6 ring of strength

@: flying
A: sickness immunity, AC +14, big wings, negative energy resistance 1,
electricity resistance, torment resistance 1, petrification resistance
}: 2/15 runes: decaying, serpentine
a: Renounce Religion, Evoke Blink, Curse Item, Shatter the Chains


You were on level 2 of the Vaults.
You worshipped Ashenzari.
Ashenzari was greatly pleased with you.
You visited 8 branches of the dungeon, and saw 34 of its levels.
You also visited: Gauntlet, Ice Cave and Volcano.

You collected 3652 gold pieces.
You spent 692 gold pieces at shops.

Inventory:

Hand Weapons
 I - the cursed +8 short sword of the Omniscient Stars (weapon) {vorpal, Will+, Elem, Comp}
   (You found it on level 7 of the Dungeon)

   It inflicts extra damage upon your enemies.
   Will:      It increases your willpower.
   It has a curse which improves the following skills: Elements: Fire Magic, Ice
   Magic, Air Magic and Earth Magic.
   Companions: Summonings and Necromancy.
Armour
 d - the cursed +2 hat of Ashenzari's Disgust (worn) {Comp, Self}
   (You found it on level 1 of the Dungeon)

   It has a curse which improves the following skills: Companions: Summonings
   and Necromancy.
   Introspection: Fighting and Spellcasting.
 f - the +3 scale mail of the Slightly Bent (worn) {rElec rF+++ Will+ Str-5}
   (You found it on level 2 of the Vaults)

   Str:       It affects your strength (-5).
   rF:        It renders you almost immune to fire.
   rElec:     It insulates you from electricity.
   Will:      It increases your willpower.
 h - the cursed +1 pair of boots of the Perceptive Elitism (worn) {+Blink rPois rN+ Int+3, Self, Cun}
   (You acquired it on level 13 of the Dungeon)

   Int:       It affects your intelligence (+3).
   rPois:     It protects you from poison.
   rN:        It protects you from negative energy.
   +Blink:    It lets you blink.
   It has a curse which improves the following skills: Introspection: Fighting
   and Spellcasting.
   Cunning:   Dodging and Stealth.
 s - the cursed +2 buckler "Eternal With Me" (worn) {AC+3, Self, Melee}
   (You found it on level 2 of the Lair of Beasts)

   It has a curse which improves the following skills: Introspection: Fighting
   and Spellcasting.
   Melee Combat: Short Blades, Long Blades, Axes, Maces & Flails, Polearms,
   Staves and Unarmed Combat.
 J - +0 acid dragon scales
 K - the +4 plate armour "Loziddag" {*Corrode rElec rC- rN+++ Int+3}
   (You acquired it on level 5 of the Lair of Beasts)

   Int:       It affects your intelligence (+3).
   rC:        It makes you vulnerable to cold.
   rElec:     It insulates you from electricity.
   rN:        It renders you almost immune to negative energy.
   *Corrode:  It may corrode you when you take damage.
 M - the cursed +2 pair of gloves of Ashenzari's Shame (worn) {Bglg, Self}
   (You found it on level 4 of the Dungeon)

   It has a curse which improves the following skills: Beguiling: Conjurations,
   Hexes and Translocations.
   Introspection: Fighting and Spellcasting.
 P - a +1 hat of willpower
 U - the cursed +0 cloak of the Elysian Scepticism (worn) {Elem, Fort}
   (You found it on level 1 of the Snake Pit)

   It has a curse which improves the following skills: Elements: Fire Magic, Ice
   Magic, Air Magic and Earth Magic.
   Fortitude: Armour and Shields.
Jewellery
 p - a ring of willpower
 r - the amulet of the Air {Inacc Air Fly rElec RMsl}
   (You found it on level 12 of the Dungeon)

   [amulet of nothing]

   It reduces the accuracy of all your attacks.
   It enhances your air magic.
   rElec:     It insulates you from electricity.
   Fly:       It grants you flight.
   RMsl:      It protects you from missiles.
 x - an amulet of reflection (around neck)
 C - the cursed ring "Share My Vision" (left hand) {Wiz, Alch, Self}
   (You found it on level 3 of the Lair of Beasts)

   [ring of wizardry]

   It improves your spell success rate.
   It has a curse which improves the following skills: Alchemy: Poison Magic and
   Transmutations.
   Introspection: Fighting and Spellcasting.
 Q - the ring "Ziefoov" {Fly rElec rF+ Int+2}
   (You acquired it on level 5 of the Lair of Beasts)

   [ring of protection from fire]

   Int:       It affects your intelligence (+2).
   rF:        It protects you from fire.
   rElec:     It insulates you from electricity.
   Fly:       It grants you flight.
 X - a ring of ice
 Z - a +6 ring of strength (right hand)
Wands
 g - a wand of digging (1)
 B - a wand of iceblast (28)
 W - a wand of quicksilver (11)
Scrolls
 c - 2 scrolls of silence
 e - 8 scrolls of fog
 i - 15 scrolls of teleportation
 m - a scroll of brand weapon
 n - 4 scrolls of immolation
 t - a scroll of blinking
 A - 4 scrolls of fear
 D - 7 scrolls of magic mapping
 F - 6 scrolls of enchant weapon
 H - 4 scrolls of amnesia
 O - 5 scrolls of poison
 R - 3 scrolls of enchant armour
 V - a scroll of acquirement
Potions
 a - 2 potions of resistance
 b - a potion of magic
 j - 7 potions of might
 k - 2 potions of invisibility
 l - 2 potions of cancellation
 o - 9 potions of haste
 u - 3 potions of ambrosia
 v - 11 potions of curing
 w - 3 potions of brilliance
 E - 2 potions of berserk rage
 N - a potion of heal wounds


   Skills:
 - Level 12.5(18.0) Fighting
 - Level 3.8(5.6) Short Blades
 - Level 0.2(0.7) Staves
 - Level 10.0(11.9) Armour
 - Level 10.0(11.9) Dodging
 - Level 5.0(6.9) Stealth
 - Level 5.0(6.9) Shields
 + Level 16.5(21.9) Spellcasting
 - Level 16.2(18.0) Conjurations
 - Level 9.0(12.0) Summonings
 - Level 0.7(1.7) Transmutations
 - Level 2.9(5.4) Air Magic
 - Level 18.5(21.2) Earth Magic
 - Level 4.0 Evocations


You had 12 spell levels left.
You knew the following spells:

 Your Spells              Type           Power      Damage    Failure   Level
a - Sandblast             Erth           100%       2d20      0%          1
b - Stone Arrow           Conj/Erth      100%       3d13      0%          3
c - Petrify               Tmut/Erth      73%        N/A       1%          4
d - Summon Lightning Spi  Summ/Air       65%        N/A       1%          4
e - Swiftness             Air            54%        N/A       1%          3
f - Animate Armour        Summ/Erth      100%       N/A       1%          4
g - Leda's Liquefaction   Hex/Erth       35%        N/A       1%          4
h - Iron Shot             Conj/Erth      46%        9d9       1%          6
i - Lehudib's Crystal Sp  Conj/Erth      46%        10d11     5%          8
j - Monstrous Menagerie   Summ           37%        N/A       16%         7
k - Iskenderun's Battles  Conj           89%        2d14      1%          5

Your spell library contained the following spells:

 Spells                   Type           Power      Damage    Failure   Level
 Magic Dart               Conj           100%       1d8       0%          1
 Searing Ray              Conj           100%       2d8       0%          2
 Shock                    Conj/Air       100%       1d9       1%          1
 Passwall                 Tmut/Erth      60%        N/A       1%          2
 Call Canine Familiar     Summ           74%        N/A       1%          3
 Dazzling Flash           Conj/Hex       100%       N/A       1%          3
 Fulminant Prism          Conj/Hex       33%        3d16      1%          4
 Summon Ice Beast         Ice/Summ       57%        N/A       1%          4
 Fireball                 Conj/Fire      33%        3d14      1%          5
 Irradiate                Conj/Tmut      34%        3d23      1%          5
 Lightning Bolt           Conj/Air       37%        1d55      1%          5
 Orb of Destruction       Conj           44%        9d12      1%          7
 Necrotise                Necr           100%       1d9       2%          1
 Slow                     Hex            100%       N/A       2%          1
 Airstrike                Air            27%        2d(4-20)  2%          4
 Conjure Ball Lightning   Conj/Air       37%        3x3d12    3%          6
 Vampiric Draining        Necr           30%        2d8       6%          3
 Summon Mana Viper        Hex/Summ       57%        N/A       6%          5
 Confusing Touch          Hex            29%        N/A       7%          3
 Gell's Gravitas          Tloc           29%        N/A       7%          3
 Portal Projectile        Hex/Tloc       58%        N/A       7%          3
 Teleport Other           Tloc           29%        N/A       7%          3
 Silence                  Hex/Air        21%        N/A       21%         5
 Blade Hands              Tmut           18%        N/A       32%         5
 Agony                    Necr           30%        N/A       47%         5
 Dispersal                Tloc           14%        N/A       96%         6
 Disjunction              Tloc           14%        N/A       100%        8
 Sublimation of Blood     Necr           Unusable   N/A       N/A         2

Dungeon Overview and Level Annotations

Branches:
Dungeon (15/15)            Temple (1/1) D:6            Lair (5/5) D:10
  Swamp (4/4) Lair:3        Snake (4/4) Lair:3        Slime (0/5) Lair:4
    Orc (2/2) D:11            Elf (0/3) Orc:2        Vaults (2/5) D:13
  Crypt (0/3) Vaults:2     Depths (1/4) D:15          IceCv (visited)
Volcano (visited)         Gauntlet (visited)

Altars:
Ashenzari
Cheibriados
Dithmenos
Elyvilon
Fedhas
Gozag
Hepliaklqana
Kikubaaqudgha
Makhleb
Nemelex Xobeh
Okawaru
Qazlal
Ru
Sif Muna
Trog
Uskayaw
Vehumet
Wu Jian
Xom
Yredelemnul
Zin
The Shining One
Jiyva

Shops:
D:3 *   Orc:2 [*:*   Snake:1 *::   Vaults:2 =

Portals:
Pandemonium: Orc:2

Annotations:
Swamp:2 2 transporters, Ricegish's ghost, adept GnFi
Swamp:3 Lernaean hydra
Vaults:2 Saint Roka


Innate Abilities, Weirdness & Mutations

You are immune to sickness and miasma.
Your stone body is resilient. (AC +14)
You are immune to poison.
Your large and strong wings let you fly.
You resist negative energy. (rN+)
You are resistant to electric shocks. (rElec)
You are resistant to unholy torment.
You are immune to petrification.


Message History

Items here: a +0 dagger; a +0 robe; an orc corpse.
The floor, spattered with blood.
Okay, then.
Saint Roka attacks as you move away! You block Saint Roka's attack.
The orc warrior closely misses you.
Saint Roka says, "Down here, you're an orc or you're nobody."
Saint Roka mumbles some strange prayers to Beogh against you.
Beogh smites you!
Aiming: Quicksilver Bolt
Press: ? - help, Shift-Dir - straight line, p - Saint Roka
Okay, then.
The orc warrior no longer looks unusually strong.
You block the orc warrior's attack.
Saint Roka invokes the aid of Beogh against you.
Beogh smites you!
* * * LOW HITPOINT WARNING * * *
Okay, then.
You blink.
Saint Roka roars a battlecry!
The orc warrior goes into a battle-frenzy!
You are still too unstable to blink.
You block the orc warrior's attack.
The orc warrior attacks as you move away!
The orc warrior hits you but does no damage.
The orc warrior no longer looks unusually strong.
Saint Roka roars a battlecry!
The orc warrior goes into a battle-frenzy!
The orc warrior hits you from afar with a +0 glaive.
* * * LOW HITPOINT WARNING * * *
Casting: Lehudib's Crystal Spear (dangerous; 5% risk of failure)
Confirm with . or Enter, or press ? or * to list all spells.
Okay, then.
The orc warrior attacks as you move away!
The orc warrior hits you with a +0 mace!!
* * * LOW HITPOINT WARNING * * *
You feel stable enough to blink again.
The orc warrior no longer looks unusually strong.
Saint Roka invokes the aid of Beogh against you.
Beogh smites you!
You die...

'############''#####
...................#
...................#
####...............# *
...#...............#*
*,
#..#...#########...#*,
, ,+,, ...#...#
,.....#...# , , *, {*
#..#...# ., ,,.#...#
{∆*{{ { ...#...# ..,
,.#@..# ∆ ∆ +
...#...#,......#o.*+{{
#####{ ...#...#
......#.o.# ' {###^#+#
...#...#,......#o..#
,,{^#=p..# ...#...#
.....{#o..#*{ {###T#.#
...#...#,......))..##,
,'p+TT.# ####...#
.....)#)..##****c#####
.......# ......#...##
**
.......#.......#...##


You could see Saint Roka (ally target), 3 orc warriors and a friendly
battlesphere.

Vanquished Creatures
  Mara (Snake:4)
  Bai Suzhen (Vaults:2)
  A tentacled monstrosity (Swamp:2)
  Mlioglotl (Snake:4)
  A thorn hunter (Swamp:1)
  A sphinx (Vaults:1)
  Gastronok (Lair:1)
  A tengu reaver (Vaults:1)
  7 nagarajas (Snake:4)
  A fire giant (D:15)
  An orc warlord (Vaults:2)
  4 vault wardens (Vaults:1)
  A balrug (D:11)
  2 ironbound preservers
  2 war gargoyles (Vaults:1)
  Nessos (D:13)
  2 eleionomae
  4 dire elephants (Vaults:1)
  2 ironbound thunderhulks (Vaults:1)
  An entropy weaver (Vaults:1)
  A vampire knight (Vaults:2)
  Azrael (Orc:2)
  4 bunyips
  Josephine (Orc:2)
  2 fire dragons
  A yaktaur captain (Vaults:1)
  18 hydras
  A salamander tyrant (Snake:3)
  3 great orbs of eyes (Vaults:1)
  A peacekeeper (Vaults:1)
  2 boulder beetles (D:12)
  A vault guard (Vaults:1)
  3 demonspawn (Orc:2)
  2 ghost crabs
  A catoblepas (D:14)
  8 anacondas
  3 ironbound frosthearts
  4 alligators
  5 two-headed ogres
  10 centaur warriors
  7 naga warriors
  A tengu warrior (D:12)
  A vampire mage (Depths:1)
  3 orc high priests (Orc:2)
  Urug (D:11)
  12 naga sharpshooters
  6 shock serpents
  Sonja (Lair:2)
  A hell knight (Volcano)
  5 salamander mystics
  8 skeletal warriors (D:15)
  A fire crab (shapeshifter) (D:14)
  5 goliath frogs
  4 bog bodies
  6 spriggan druids
  5 deep trolls
  3 naga ritualists
  8 swamp dragons
  2 wizards
  4 lindwurms (Vaults:1)
  6 orc knights
  4 deep elf pyromancers
  4 ironbound convokers (Vaults:1)
  A wolf spider (Lair:5)
  14 mana vipers
  8 orc sorcerers (Orc:2)
  3 necromancers
  7 will-o-the-wisps
  13 ugly things
  An oklob plant (Lair:4)
  21 salamanders
  A cyclops (D:11)
  Maurice (D:11)
  A moth of wrath (Gauntlet)
  A worldbinder (Gauntlet)
  A rust devil (Orc:2)
  2 manticores
  An ice statue (Lair:2)
  An elephant (shapeshifter) (Vaults:1)
  36 black mambas
  3 guardian serpents
  4 vault sentinels (Vaults:1)
  2 gargoyles (D:12)
  A smoke demon (Orc:2)
  9 naga magi
  A torpor snail (Lair:5)
  7 komodo dragons
  11 cane toads
  3 rime drakes
  A yaktaur zombie (Vaults:1)
  6 yaktaurs
  A tengu conjurer (D:15)
  A hellwing (Orc:2)
  An anaconda simulacrum (IceCv)
  7 trolls
  4 polar bears
  5 bloated husks
  13 hornets
  2 dream sheep (Lair:5)
  10 slime creatures
  10 tyrant leeches
  4 blink frogs (Lair:5)
  2 shadows (D:11)
  9 spriggans
  2 vampires (D:10)
  7 wraiths
  A water elemental (D:14)
  5 basilisks
  2 fire elementals (Orc:2)
  9 wyverns
  7 redbacks
  5 yaks
  4 vampire mosquitoes
  A steam dragon (D:8)
  A golden eye (shapeshifter) (Vaults:1)
  A warg (Orc:1)
  16 swamp worms
  30 nagas
  22 water moccasins
  2 acid dragons
  2 hell hounds (Orc:2)
  8 ice beasts
  13 orc warriors
  11 swamp drakes
  6 ogres
  3 black bears
  2 sky beasts (D:7)
  9 centaurs
  19 wolves
  2 boggarts
  2 phantoms
  2 kobold brigands
  9 bullfrogs
  A gnoll sergeant (D:10)
  3 scorpions
  A necrophage (D:6)
  9 wights
  A troll zombie (D:11)
  An elephant simulacrum (IceCv)
  27 killer bees
  2 howler monkeys
  6 hounds
  7 jellies
  19 orc priests
  6 iguanas
  9 orc wizards
  A wolf simulacrum (IceCv)
  3 ogre zombies (D:11)
  A mummy (D:5)
  11 gnolls
  5 adders
  4 white imps
  2 worms (D:3)
  4 dart slugs
  44 orcs
  A bat (D:2)
  11 endoplasms
  8 hobgoblins
  3 jackals (D:1)
  4 quokkas
  5 ball pythons
  A frilled lizard (D:2)
  10 goblins
  3 goblin zombies (D:11)
  4 hobgoblin zombies
  17 kobolds
  A kobold zombie (D:5)
  An orc skeleton (D:11)
  10 orc zombies
  4 rats
  A bush (Lair:4)
890 creatures vanquished.

Vanquished Creatures (collateral kills)
  3 nagarajas
  A vault warden (Vaults:1)
  Louise (Snake:4)
  A minotaur (Gauntlet)
  A bunyip (Lair:3)
  2 eidola (Vaults:2)
  3 hydras
  A boulder beetle (D:12)
  7 anacondas
  2 naga warriors
  A tengu warrior (D:15)
  3 naga sharpshooters
  2 shock serpents
  2 spriggan druids
  2 salamander mystics
  3 deep trolls
  A swamp dragon (Lair:5)
  A naga ritualist (Snake:3)
  A sea snake (Snake:1)
  A lindwurm (Vaults:1)
  A sphinx zombie (Vaults:1)
  A deep elf pyromancer (D:15)
  A frost giant zombie (Vaults:1)
  3 mana vipers
  3 ugly things
  4 salamanders
  6 naga magi
  2 guardian serpents
  7 black mambas
  A frost giant skeleton (Vaults:1)
  A cane toad (Lair:5)
  A rime drake (Lair:5)
  An anaconda simulacrum (IceCv)
  An ice devil (Lair:2)
  A human skeleton (Vaults:1)
  A red devil (Orc:2)
  A polar bear (Lair:5)
  2 tyrant leeches
  A merfolk (shapeshifter) (Vaults:2)
  A hornet (Swamp:4)
  3 blink frogs (Lair:5)
  8 slime creatures
  2 spriggans (Swamp:1)
  4 wraiths
  3 wyverns (Lair:5)
  3 yaks (D:11)
  2 redbacks
  A death yak simulacrum (IceCv)
  7 vampire mosquitoes
  16 nagas
  2 water moccasins (Lair:5)
  3 orc warriors (Orc:2)
  2 centaurs (D:15)
  A wolf (Lair:5)
  A cane toad simulacrum (IceCv)
  A troll zombie (D:11)
  An elephant simulacrum (IceCv)
  3 orc priests
  An ogre zombie (D:11)
  9 orcs
  A hobgoblin zombie (D:11)
  An orc skeleton (D:11)
  2 orc zombies (D:11)
156 creatures vanquished.

Vanquished Creatures (others)
  A bloated husk (Swamp:2)
  10 demonic plants (Gauntlet)
  10 foxfires
  45 fungi
  115 plants
  5 toadstools (Swamp:1)
186 creatures vanquished.

Grand Total: 1232 creatures vanquished

Notes
Turn   | Place    | Note
-------+----------+-------------------------------------------
     0 | D:1      | Coaxmetal the Gargoyle Earth Elementalist began the quest
                  | for the Orb.
     0 | D:1      | Reached XP level 1. HP: 10/10 MP: 3/3
   243 | D:1      | Reached skill level 4 in Earth Magic
   243 | D:1      | Reached XP level 2. HP: 6/15 MP: 0/5
   580 | D:1      | Found a faded altar of an unknown god.
   635 | D:1      | Reached XP level 3. HP: 13/19 MP: 0/6
  1601 | D:2      | Reached XP level 4. HP: 24/24 MP: 4/7
  1605 | D:2      | Learned a level 3 spell: Stone Arrow
  2190 | D:3      | You fall into a shaft and drop 1 floor!
  2236 | D:4      | Found a glowing silver altar of Zin.
  2318 | D:3      | Found Maopar's Assorted Antiques.
  2545 | D:3      | Reached skill level 5 in Earth Magic
  2911 | D:4      | Reached skill level 1 in Conjurations
  2911 | D:4      | Reached XP level 5. HP: 28/28 MP: 5/8
  3725 | D:4      | Reached XP level 6. HP: 32/32 MP: 5/9
  3732 | D:4      | Reached skill level 5 in Stealth
  3893 | D:4      | Reached skill level 6 in Earth Magic
  4182 | D:5      | Entered Level 5 of the Dungeon
  4188 | D:5      | Reached XP level 7. HP: 29/36 MP: 4/10
  4299 | D:5      | Found a shimmering altar of Xom.
  4503 | D:5      | Found a glowing golden altar of the Shining One.
  4545 | D:5      | Found a radiant altar of Vehumet.
  4579 | D:5      | Reached skill level 7 in Earth Magic
  4680 | D:5      | Found a sparkling altar of Nemelex Xobeh.
  5339 | D:6      | Reached skill level 8 in Earth Magic
  5343 | D:6      | Reached skill level 1 in Fighting
  5671 | D:6      | Reached XP level 8. HP: 43/45 MP: 4/12
  5946 | D:6      | Found a staircase to the Ecumenical Temple.
  6174 | Temple   | Entered the Ecumenical Temple
  6259 | Temple   | Became a worshipper of Ashenzari the Shackled
  6480 | D:7      | Noticed a wyvern
  6485 | D:7      | Killed a wyvern
  6548 | D:7      | Reached skill level 5 in Fighting
  6548 | D:7      | Reached skill level 5 in Spellcasting
  6727 | D:7      | Found a snail-covered altar of Cheibriados.
  6793 | D:6      | Reached skill level 9 in Earth Magic
  6793 | D:6      | Reached XP level 9. HP: 35/54 MP: 12/16
  6938 | D:7      | Identified the +0 chain mail of Impermeability {rElec rC+
                  | Str-4}
  7187 | D:7      | Reached skill level 10 in Earth Magic
  7414 | D:7      | Identified the +8 short sword of the Onslaught {vorpal,
                  | Will+}
  7770 | D:8      | Reached skill level 11 in Earth Magic
  7770 | D:8      | Reached skill level 1 in Armour
  8139 | D:8      | Noticed a two-headed ogre
  8148 | D:8      | Killed a two-headed ogre
  8149 | D:8      | Reached XP level 10. HP: 47/61 MP: 2/19
  8432 | D:8      | Found an ornate altar of the Wu Jian Council.
  8443 | D:8      | Reached skill level 5 in Armour
 10380 | D:9      | Reached skill level 1 in Short Blades
 10595 | D:10     | Entered Level 10 of the Dungeon
 10847 | D:10     | Found a staircase to the Lair.
 10975 | D:10     | Reached XP level 11. HP: 38/68 MP: 13/24
 11196 | D:10     | Found a hide-covered altar of Uskayaw.
 11201 | D:10     | Noticed a two-headed ogre
 11211 | D:10     | Learned a level 4 spell: Petrify
 11227 | D:10     | Killed a two-headed ogre
 11542 | D:10     | Reached * piety under Ashenzari
 11798 | D:10     | Noticed a deep elf pyromancer
 12170 | D:10     | Killed a deep elf pyromancer
 12294 | Lair:1   | Entered Level 1 of the Lair of Beasts
 12422 | Lair:1   | Noticed Gastronok
 12565 | Lair:1   | Killed Gastronok
 12581 | Lair:1   | Reached skill level 5 in Dodging
 12748 | Lair:1   | Identified a scroll of acquirement
 12776 | Lair:1   | Noticed a four-headed hydra
 12787 | Lair:1   | Killed a four-headed hydra
 13013 | Lair:1   | Noticed an eight-headed hydra
 13031 | Lair:1   | Killed an eight-headed hydra
 13310 | Lair:1   | Reached skill level 10 in Fighting
 13838 | Lair:2   | Reached XP level 12. HP: 80/80 MP: 16/26
 14085 | Lair:2   | Noticed Sonja
 14099 | Lair:2   | Killed Sonja
 14106 | Lair:2   | Learned a level 4 spell: Summon Lightning Spire
 14419 | Lair:2   | Reached skill level 1 in Summonings
 14434 | Lair:2   | Reached skill level 1 in Air Magic
 15255 | Lair:3   | Found a staircase to the Snake Pit.
 15308 | Lair:3   | Found a staircase to the Swamp.
 15418 | Lair:3   | Reached skill level 1 in Shields
 15495 | Lair:3   | Learned a level 3 spell: Swiftness
 16082 | Lair:3   | Noticed an eight-headed hydra
 16103 | Lair:3   | Killed an eight-headed hydra
 16953 | Lair:4   | Reached ** piety under Ashenzari
 17237 | Lair:4   | Found a staircase to the Slime Pits.
 17237 | Lair:4   | Found a viscous altar of Jiyva.
 17319 | Lair:4   | Found a frozen archway.
 17328 | IceCv    | Entered an ice cave
 18797 | Lair:5   | Entered Level 5 of the Lair of Beasts
 18810 | Lair:5   | Reached skill level 5 in Shields
 18877 | Lair:5   | Noticed a five-headed hydra
 19145 | Lair:4   | Reached XP level 13. HP: 44/88 MP: 9/28
 19507 | Lair:5   | Learned a level 4 spell: Animate Armour
 19726 | Lair:5   | Reached skill level 5 in Conjurations
 19828 | Lair:5   | Reached skill level 10 in Spellcasting
 21301 | Lair:5   | Acquired the +4 plate armour "Loziddag" {*Corrode rElec rC-
                  | rN+++ Int+3}
 21302 | Lair:5   | Acquired the ring "Ziefoov" {Fly rElec rF+ Int+2}
 21903 | Lair:5   | Noticed a fire dragon
 21921 | Lair:5   | Killed a fire dragon
 22146 | Swamp:1  | Entered Level 1 of the Swamp
 22160 | Swamp:1  | Gained mutation: Your large and strong wings let you fly.
                  | [Gargoyle growth]
 22160 | Swamp:1  | Reached XP level 14. HP: 94/94 MP: 19/30
 22231 | Swamp:1  | Learned a level 4 spell: Leda's Liquefaction
 22260 | Swamp:1  | Reached skill level 10 in Conjurations
 22530 | Swamp:1  | Noticed a thorn hunter
 22653 | Snake:1  | Entered Level 1 of the Snake Pit
 22912 | Snake:1  | Found Wagoijo's Book Boutique.
 22916 | Snake:1  | Bought a book of Iron for 504 gold pieces
 22923 | Snake:1  | Learned a level 6 spell: Iron Shot
 24166 | Snake:1  | Found Cetuppy's Book Boutique.
 24385 | Snake:1  | Found Wore's Assorted Antiques.
 24393 | Snake:1  | Bought an ichor-stained robe for 188 gold pieces
 24393 | Snake:1  | Identified the +0 robe of the Known World {rF+ Regen+} (You
                  | bought it in a shop on level 1 of the Snake Pit)
 25390 | Snake:1  | Reached skill level 12 in Earth Magic
 25654 | Snake:2  | Noticed a nagaraja
 25681 | Snake:2  | Killed a nagaraja
 26554 | Snake:2  | Reached XP level 15. HP: 100/100 MP: 12/32
 28163 | Snake:3  | Reached skill level 5 in Summonings
 28203 | Snake:3  | Noticed a nagaraja
 28214 | Snake:3  | Killed a nagaraja
 28502 | Snake:3  | Reached skill level 13 in Earth Magic
 30293 | Snake:3  | Reached skill level 10 in Dodging
 30436 | Snake:3  | Reached skill level 14 in Earth Magic
 30594 | Snake:4  | Entered Level 4 of the Snake Pit
 30595 | Snake:4  | Noticed Mara
 30968 | Snake:4  | Reached XP level 16. HP: 51/108 MP: 15/33
 30981 | Snake:4  | Noticed Coaxmetal's illusion
 31294 | Snake:4  | Noticed Coaxmetal's illusion
 31603 | Snake:4  | Noticed Coaxmetal's illusion
 32091 | Snake:4  | Noticed Coaxmetal's illusion
 32387 | Snake:4  | Noticed Coaxmetal's illusion
 32841 | Snake:4  | Noticed Coaxmetal's illusion
 32844 | Snake:4  | Killed Mara
 32845 | Snake:4  | Reached skill level 15 in Earth Magic
 33374 | Snake:4  | Noticed Mlioglotl
 33383 | Snake:4  | Reached *** piety under Ashenzari
 34082 | Swamp:1  | Killed a thorn hunter
 34227 | Swamp:1  | Learned a level 8 spell: Lehudib's Crystal Spear
 34598 | Swamp:1  | Reached skill level 16 in Earth Magic
 35341 | Swamp:2  | Found a transporter.
 35343 | Swamp:2  | Found a transporter.
 35343 | Swamp:2  | Noticed Ricegish's ghost (adept GnFi)
 35370 | Swamp:2  | Identified the +1 pair of gloves of the Cricket {Rampage
                  | MP+9 Dex+7}
 35448 | Swamp:2  | Noticed a tentacled monstrosity
 35524 | Swamp:2  | Killed a tentacled monstrosity
 37025 | Swamp:3  | Reached skill level 17 in Earth Magic
 37233 | Swamp:3  | Found a shimmering altar of Xom.
 37424 | Swamp:3  | Identified the +3 flail "Annytaony" {chaos, Str+4 Int+3
                  | Dex-2}
 38109 | Swamp:4  | Entered Level 4 of the Swamp
 38385 | Swamp:4  | Reached XP level 17. HP: 114/114 MP: 10/34
 39352 | Swamp:4  | Noticed the 27-headed Lernaean hydra
 40273 | Swamp:4  | Reached skill level 18 in Earth Magic
 40828 | Swamp:4  | Got a decaying rune of Zot
 41499 | Snake:4  | Killed Mlioglotl
 41821 | Snake:4  | Reached skill level 10 in Armour
 42263 | Snake:4  | Reached skill level 15 in Conjurations
 43169 | Snake:4  | Got a serpentine rune of Zot
 43556 | Snake:4  | Noticed Louise
 43586 | Snake:4  | Killed Louise
 44468 | D:11     | Reached **** piety under Ashenzari
 44485 | D:11     | Noticed Maurice
 44494 | D:11     | Killed Maurice
 44679 | D:11     | Noticed Urug
 44689 | D:11     | Killed Urug
 44789 | D:11     | Found a staircase to the Orcish Mines.
 44980 | D:11     | Reached XP level 18. HP: 124/124 MP: 23/37
 45197 | D:11     | Found a runed translucent door.
 45961 | D:12     | Found the amulet of the Air {Inacc Air Fly rElec RMsl}
 45999 | D:12     | Identified the +1 buckler of the Hurting Gods {Dex+4}
 47085 | Orc:1    | Entered Level 1 of the Orcish Mines
 47352 | Orc:2    | Entered Level 2 of the Orcish Mines
 47532 | Orc:2    | Noticed Josephine
 47541 | Orc:2    | Killed Josephine
 47681 | Orc:2    | Found a staircase to the Elven Halls.
 47944 | Orc:2    | Found a dark tunnel.
 47949 | Volcano  | Entered a volcano
 48249 | Orc:2    | Found Ruufaukk's General Store.
 48377 | Orc:2    | Found Daloumiad's General Store.
 48500 | Orc:2    | Learned a level 7 spell: Monstrous Menagerie
 48526 | Orc:2    | Noticed Azrael
 48549 | Orc:2    | Killed Azrael
 49404 | Orc:2    | Found a one-way gate leading to the halls of Pandemonium.
 49580 | Orc:2    | Found Noepuujo's Antique Armour Shop.
 49581 | Orc:2    | Found Monwilank's Book Boutique.
 50158 | D:13     | Noticed Nessos
 50167 | D:13     | Killed Nessos
 50864 | D:13     | Found a gate to the Vaults.
 51165 | D:13     | Acquired the +1 pair of boots of Trial and Error {+Blink
                  | rPois rN+ Int+3}
 51350 | D:14     | Found a white marble altar of Elyvilon.
 51441 | D:14     | Found a gate leading to a gauntlet.
 51477 | Gauntlet | Entered a Gauntlet
 51477 | Gauntlet | Found a transporter.
 51477 | Gauntlet | Found a transporter.
 51478 | Gauntlet | Found a transporter.
 51481 | Gauntlet | Found a transporter.
 51481 | Gauntlet | Found a transporter.
 51481 | Gauntlet | Found a transporter.
 51515 | Gauntlet | Identified the +4 glaive of Koogudwoblu {protect, rC+
                  | rCorr}
 51535 | Gauntlet | Found a transporter.
 51646 | Gauntlet | Found a transporter.
 51661 | Gauntlet | Found a transporter.
 51669 | Gauntlet | Reached skill level 1 in Evocations
 51687 | Gauntlet | Found a transporter.
 51708 | Gauntlet | Identified the +8 great mace of Lomyamaf {vorpal, Contam
                  | rPois Str+4 Dex+5}
 51983 | Gauntlet | Identified the amulet "Yxobbu" {Acrobat SInv}
 51983 | Gauntlet | Identified Sif Muna's Quarto of Shifting Conduction
 53046 | D:15     | Entered Level 15 of the Dungeon
 54309 | D:15     | Found a staircase to the Depths.
 54678 | Depths:1 | Entered Level 1 of the Depths
 54804 | Vaults:1 | Entered Level 1 of the Vaults
 54824 | Vaults:1 | Learned a level 5 spell: Iskenderun's Battlesphere
 55049 | Vaults:1 | Reached XP level 19. HP: 127/127 MP: 18/40
 57161 | Vaults:1 | Reached skill level 15 in Spellcasting
 59348 | Vaults:2 | Identified the +5 scale mail of Didon {rN+ rCorr Str-4}
 59405 | Vaults:2 | Found Kaemoawi's Jewellery Boutique.
 59712 | Vaults:2 | Identified the +3 scale mail of the Slightly Bent {rElec
                  | rF+++ Will+ Str-5}
 59713 | Vaults:2 | Noticed Bai Suzhen
 60009 | Vaults:2 | Found a staircase to the Crypt.
 60221 | Vaults:2 | Killed Bai Suzhen
 60822 | Vaults:2 | Noticed Saint Roka
 60844 | Vaults:2 | Killed from afar by Saint Roka

Illustrated notes

Levels and vault maps discovered:
D:1:      sevenhm_arrival_forest_fort_large_2, layout_rooms,
          ebering_ecumenical_altar_hall, minmay_hexomino_f4
D:2:      layout_basic
D:3:      layout_loops_ring, serial_shops, shop
D:4:      layout_loops_ring, zin_scriptorium, kennysheep_orc_chapel
D:5:      layout_loops_corners, mainiacjoe_overflow_paths,
          mainiacjoe_overflow_small_starburst, mainiacjoe_overflow_boulevard,
          amcnicky_altar_gilded, minmay_mini_ossuary
D:6:      layout_rooms, temple_pool_b, grunt_ministairs_6
D:7:      layout_rooms, nicolae_overflow_crystal_walls, eino_jars
D:8:      layout_cave_pools, nicolae_wu_jian_immortal_techniques
D:9:      layout_layer_cave
D:10:     layout_small_grid, lemuel_doored_altar, due_lair_maze_entry_diamond,
          minivault_27
D:11:     dreamdust_dug_too_deep, layout_loops_corners, zombieorc1_lemuel,
          uniq_urug, uniq_maurice
D:12:     layout_long_grid, chequers_serial_rivers_room_a
D:13:     layout_gridville, david_vaults_1, uniq_nessos
D:14:     layout_basic, nicolae_elyvilon_temple_path, gauntlet_entry_generic,
          serial_park_tiny_1
D:15:     grunt_enter_depths_giant_problem, layout_rooms,
          chequers_decorated_corner, nicolae_titane
Temple:   nicolae_temple_great_sept
Lair:1:   layout_regular_city, infiniplex_staircase_pool_2, uniq_gastronok
Lair:2:   layout_chaotic_city, ice2_lemuel, serial_bayou_shore_b, uniq_sonja
Lair:3:   beast_lair_carwin_large_1, layout_layer_cave,
          minmay_swamp_entry_worms, dummy_snake_entry
Lair:4:   layout_regular_city, nicolae_slime_entry_slimehenge,
          portal_ice_cave_entry_pillars_1, minmay_lair_oklob_items
Lair:5:   guppyfry_lair_end_dragon, layout_layer_cave,
          hangedman_lair_tendril_chambers
Swamp:1:  cheibrodos_swamp_tower_of_moss, layout_falls_marsh,
          hangedman_swamp_ruin_wall, swamp_pool2
Swamp:2:  nicolae_swamp_husk_halls, layout_basic_swamp,
          gammafunk_ghost_mausoleum, evilmike_swamp_ruin_house_2
Swamp:3:  layout_basic_swamp, nicolae_swamp_godswood
Swamp:4:  swamp_old_school, layout_basic_swamp
Snake:1:  layout_chambers, serial_shops, shop, nicolae_shop_advertising_works
          [nicolae_subvault_shop_adworks], shop, minmay_snake_pond,
          lemuel_fruit_tree
Snake:2:  layout_onion, nicolae_snake_gridmaze_big_u
Snake:3:  layout_cave_town, st_stairs_7, grunt_megastairs_5
Snake:4:  johnstein_snake_rune_scales, layout_gridlike, grunt_ministairs_3,
          uniq_mlioglotl, uniq_mara, uniq_louise
Orc:1:    layout_caves, hangedman_feature_mirror
Orc:2:    pf_orc_diabolical, layout_diamond_mine, nicolae_volcano_entry_s_turn,
          uniq_josephine, uniq_azrael
Vaults:1: vaults_room_hallway, vaults_room_grid, v_misc_23,
          nicolae_vaults_border_crossing, nicolae_vaults_little_squares_1,
          vaults_room_hangedman_quadrants, hangedman_vaults_trim,
          nicolae_vaults_little_squares_2, vaults_mumra_hexcomb,
          dpeg_vaults_monster_box, ontoclasm_vaults_chip, layout_vaults_omnigrid
Vaults:2: gammafunk_ghost_crypt, vaults_room_pools, grunt_vaults_diagonal,
          minmay_crypt_entry_simple_round, nicolae_vaults_quartermaster,
          vaults_dpeg_cross, nicolae_vaults_ninety_degrees, v_misc_25,
          hangedman_vaults_snaps, layout_vaults_big_room, serial_shops,
          nicolae_shop_crystal, uniq_bai_suzhen, uniq_saint_roka
Depths:1: minmay_the_grid_octo_2x2 [minmay_the_grid_octo_teeth,
          minmay_the_grid_octo_77, minmay_the_grid_octo_odd_swirl,
          minmay_the_grid_octo_prize_ultimate_mussel_roller], layout_cave_pools,
          enter_ziggurat_d, hell_entry, uniq_enchantress

Skill      XL: |  1  2  3  4  5  6  7  8  9 10 11 12 13 14 15 16 17 18 19 |
---------------+----------------------------------------------------------+-----
Earth Magic    | 4 5 6 8 9 11 12 14 17 18 | 18.5
Stealth        | 3 4 5 |  5.0
Conjurations   | 1 2 3 4 9 13 16 | 16.2
Fighting       | 2 5 6 7 10 11 12 | 12.5
Spellcasting   | 3 5 8 9 10 11 14 16 | 16.5
Armour         | 4 5 8 10 | 10.0
Short Blades   | 3 |  3.8
Dodging        | 5 7 8 10 | 10.0
Summonings     | 2 4 6 8 9 |  9.0
Air Magic      | 2 |  2.9
Shields        | 5 |  5.0
Evocations     | 4 |  4.0
Staves         | |  0.2
Transmutations | |  0.7

Action                   |  1- 3 |  4- 6 |  7- 9 | 10-12 | 13-15 | 16-18 | 19-21 || total
-------------------------+-------+-------+-------+-------+-------+-------+-------++-------
Melee: Unarmed           |     8 |       |       |       |       |       |       ||     8
       Whip              |    13 |       |       |       |       |       |       ||    13
       Staff             |       |     2 |     1 |       |       |       |       ||     3
       Short sword       |       |       |    14 |   131 |   225 |   754 |   198 ||  1322
       Punch             |       |       |       |     4 |       |       |       ||     4
 Cast: Sandblast         |    52 |    76 |   101 |   254 |   318 |   233 |     3 ||  1037
       Stone Arrow       |       |       |    31 |   125 |    92 |   270 |   107 ||   625
       Petrify           |       |       |       |    27 |    48 |   115 |    14 ||   204
       Summon Lightning  |       |       |       |    10 |    20 |     8 |     2 ||    40
       Swiftness         |       |       |       |     2 |     5 |     5 |     3 ||    15
       Animate Armour    |       |       |       |       |    53 |    63 |    18 ||   134
       Iron Shot         |       |       |       |       |    44 |   113 |     1 ||   158
       Leda's Liquefacti |       |       |       |       |    19 |    13 |     9 ||    41
       Lehudib's Crystal |       |       |       |       |       |    82 |    53 ||   135
       Iskenderun's Batt |       |       |       |       |       |     2 |    15 ||    17
       Monstrous Menager |       |       |       |       |       |       |     3 ||     3
Invok: Curse Item        |       |       |     1 |     2 |     1 |     2 |     2 ||     8
       Shatter the Chain |       |       |       |       |       |     1 |       ||     1
 Abil: Evoke Blink       |       |       |       |       |       |     1 |     1 ||     2
Evoke: Wand              |       |       |       |     2 |       |     2 |     5 ||     9
  Use: Scroll            |       |       |       |     1 |     6 |     3 |     6 ||    16
       Potion            |       |       |       |     1 |       |     6 |     1 ||     8
 Stab: Petrified         |       |       |       |    56 |    75 |   180 |    17 ||   328
       Distracted        |       |       |       |       |     1 |     2 |     3 ||     6
       Sleeping          |       |       |       |       |     1 |     6 |       ||     7
       Petrifying        |       |       |       |       |       |     8 |       ||     8
Armor: Robe              |    18 |    14 |    31 |       |       |       |       ||    63
       Steam dragon scal |       |       |    10 |   131 |       |       |       ||   141
       Acid dragon scale |       |       |       |   130 |   355 |   571 |   241 ||  1297
       Scale mail        |       |       |       |       |       |       |    20 ||    20
Dodge: Dodged            |    25 |    16 |    50 |   321 |   498 |   749 |   197 ||  1856
Block: Buckler           |       |       |       |    28 |   206 |   347 |   220 ||   801
       Reflection        |       |       |       |       |       |       |    15 ||    15
